Workbook

Sheet Contents
B7: QUESTIONNAIRE ON THE MECHANISMS IN PLACE TO ENHANCE POLICY COHERENCE OF SUSTAINABLE DEVELOPMENT
B8: To support reporting on the SDG indicator 17.14.1
B10: Questionnaire return deadline:
B12: If you have any questions, please contact us at the following email address: | D12: UNEP: | E12: unep-oos-sdgs@un.org
D13: the OECD: | E13: pcsd.contact@oecd.org
B15: TABLE OF CONTENTS
B17: Sheet | C17: Title | E17: Status
B18: Contents | C18: Table of Contents | E18: for information
B19: Introduction | C19: Introduction, Methodology, Steps to follow | E19: for information
B20: Glossary | C20: Glossary of Terms | E20: for information
B21: Table P1 | C21: Measuring Policy Coherence | E21: to fill in
B22: Scoring | C22: Scoring with breakdown per question and level of implementation, containing examples | E22: for information
B23: Table P2 | C23: Supplementary Information Sheet | E23: to fill in

Sheet Introduction
B2: INTRODUCTION
B4: The data collection is jointly organized by the United Nations Environment Programme (UNEP) and the Organisation for Economic Co-operation and Development (OECD) to support reporting on Sustainable Development Goal (SDG) indicator 17.14.1 Number of countries with mechanisms in place to enhance policy coherence of sustainable development. The data will be analyzed by UNEP and the OECD for use in international work and made available to users worldwide.
B5: The questionnaire is sent directly to countries, addressed to the designated focal point or, if no focal point has been designated, to the SDG focal point. Since the information requested in this questionnaire may be provided by different agencies in the country, the focal point is requested to work closely with the different relevant stakeholders and combine the information from these different stakeholders into one questionnaire and return it to the sending international organization, as indicated in the cover letter.
B7: METHODOLOGY
B9: Mechanisms to enhance policy coherence can vary greatly from country to country and can take different forms. However, based on existing practice, it is possible to identify a range of mechanisms, which are likely to enhance policy coherence for sustainable development, and therefore the presence of a combination of these mechanisms in a given country would indicate progress towards meeting SDG indicator 17.14.1.
B10: Policy Coherence for Sustainable Development (PCSD) is an approach to integrate the dimensions of sustainable development throughout domestic, international and systemic policy-making. Its objectives in the context of the 2030 Agenda are to advance the integrated implementation of the 2030 Agenda by: (i) Fostering synergies and maximising benefits across economic, social and environmental policy areas and institutional frameworks; (ii) Balancing domestic policy objectives and institutional frameworks with internationally recognised sustainable development goals and other international agreements/frameworks; and (iii) Addressing the transboundary and long-term impacts of policies, including those likely to affect developing countries.
B11: UNEP and the OECD have developed a composite indicator framework for SDG 17.14.1 that is based on initial research on existing work, literature, partners and existing indicators on similar issues. This indicator considers institutional and organisational mechanisms that can support efforts in enhancing PCSD across eight themes: 1. Political Commitment 2. Long-term Vision 3. The Integration of Sustainable Development into Policy and Finance 4. Whole-of-government Coordination 5. Sub-national Engagement 6. Stakeholder-engagement 7. Impact Assessment 8. Monitoring, Evaluation, and Reporting
B12: Each of the eight themes is scored on a scale from 0 to 12, where 0 means none of the requested mechanisms are implemented, 12 means all the requested mechanisms are in place and fully implemented. Scaling all 8 themes, the maximum value is 96. The score out of 96 is converted to a percentage for the purpose of reporting SDG indicator 17.14.1.
B13: Each theme includes three questions, scored on a scale from 0 to 4, indicating the level of implementation of the mechanism specified in the question. A general discription of the level of implementation and scoring is provided below, and a more detailed description is provided in the the "Scoring" sheet .
B14: 0 - Not in place
B15: The mechanism does not exist, and there are no plans or actions to develop it.
B16: 1 - Under Development
... B44: The data will be used for SDG Global reporting on SDG indicator 17.14.1, as it is under UNEP and the OECD custodianship. UNEP and the OECD will check and validate country responses and submit results to the United Nations Statistics Division (UNSD) for publication in the SDG Global Database. UNEP and the OECD will also use the data to track national and sub-national policy coherence both quantitavively and qualitatively and to inform any capacity building or support activities that may take place in the responding countries. The data will also be used to report on efforts of Adherents to the OECD Recommendation on Policy Coherence for Sustainable Development, to support peer learning and policy dialogue. Adherence to this Recommendation is open to all countries.

Sheet Glossary
B2: Glossary of Terms
B4: Policy Coherence for Sustainable Development (PCSD):
B5: An approach to integrate the dimensions of sustainable development throughout domestic, international and systemic policy-making. Its objectives in the context of the 2030 Agenda are to advance the integrated implementation of the 2030 Agenda by: (i) Fostering synergies and maximising benefits across economic, social and environmental policy areas and institutional frameworks; (ii) Balancing domestic policy objectives and institutional frameworks with internationally recognised sustainable development goals and other international agreements/frameworks; and (iii) Addressing the transboundary and long-term impacts of policies, including those likely to affect developing countries.
B7: Institutional mechanisms:
B8: Structures, systems, processes and working methods applied by the government across all branches and levels of government as well as by key stakeholders.
B10: Stakeholder:
B11: Any interested and/or affected party, including: individuals and national, regional, or international institutions and organisations, whether governmental or non-governmental, and from civil society, foundations, academia, the media or the private sector and others.
B13: Transboundary impacts:
B14: Any effect – intended or not – originated in one country that crosses national borders through flows of capital, goods, human and natural resources, and that is able to affect positively or negatively the sustainable development prospects of another country.

Sheet P1
B2: Table P1: Measuring Policy Coherence
B4: Theme | C4: # | D4: Question | E4: Answer | F4: Points | G4: Answer Criteria | H4: Supporting Evidence
B5: 1. Political Commitment | C5: 1.1 | D5: Is there a clear political statement at the highest level of government demonstrating commitment to PCSD? For example, an explicit commitment to PCSD in national strategic documents, policies or legislation, including at sectoral level. | F5: =IFERROR(VLOOKUP(E5,Lists!$B$3:$C$7,2,0),"") | G5: =IFERROR(INDEX(Lists!$G$3:$K$26,MATCH('P1'!$C5,Lists!$F$3:$F$26,0),MATCH('P1'!$E5,Lists!$G$2:$K$2,0)),"")
C6: 1.2 | D6: Has the government defined clear national priority areas for advancing PCSD? For example, clear priority areas for addressing issues where trade-offs need to be managed or potential transboundary impacts need to be addressed, defined within a national policy, strategy, law or action plan for advancing sustainable development. | F6: =IFERROR(VLOOKUP(E6,Lists!$B$3:$C$7,2,0),"") | G6: =IFERROR(INDEX(Lists!$G$3:$K$26,MATCH('P1'!$C6,Lists!$F$3:$F$26,0),MATCH('P1'!$E6,Lists!$G$2:$K$2,0)),"")
C7: 1.3 | D7: Has the government defined clear institutional roles and responsibilities for promoting, overseeing, and implementing PCSD? For example, a law or administrative directive has established a central unit, ministry, or inter-ministerial committee that has the mandate to promote, oversee or implement PCSD. | F7: =IFERROR(VLOOKUP(E7,Lists!$B$3:$C$7,2,0),"") | G7: =IFERROR(INDEX(Lists!$G$3:$K$26,MATCH('P1'!$C7,Lists!$F$3:$F$26,0),MATCH('P1'!$E7,Lists!$G$2:$K$2,0)),"")
C8: Subtotal Score for Theme 1. Political Commitment | F8: =SUM(F5:F7) -> 0
B9: 2. Long-term Vision | C9: 2.1 | D9: Has the government developed a strategic long-term vision for sustainable development to enhance policy coherence? For example, a national vision statement, policy, strategy or action plan that sets objectives to identify, prevent, and mitigate actual and potential adverse impacts of decision-making on the wellbeing and sustainable development of future generations. | F9: =IFERROR(VLOOKUP(E9,Lists!$B$3:$C$7,2,0),"") | G9: =IFERROR(INDEX(Lists!$G$3:$K$26,MATCH('P1'!$C9,Lists!$F$3:$F$26,0),MATCH('P1'!$E9,Lists!$G$2:$K$2,0)),"")
C10: 2.2 | D10: Does the government use long-term strategic planning tools to enhance policy coherence? For example, the use of tools such as impact assessments, strategic foresight, scenario development, integrated modelling tools or systems-thinking approaches in the formulation and implementation of strategies and policies to identify, prevent, and mitigate potential adverse impacts on the wellbeing and sustainable development of future generations. | F10: =IFERROR(VLOOKUP(E10,Lists!$B$3:$C$7,2,0),"") | G10: =IFERROR(INDEX(Lists!$G$3:$K$26,MATCH('P1'!$C10,Lists!$F$3:$F$26,0),MATCH('P1'!$E10,Lists!$G$2:$K$2,0)),"")
C11: 2.3 | D11: Has the government established dedicated institutional arrangements or mechanisms to support a long-term vision for PCSD? For example, independent bodies, a commissioner, council, or ombudsperson for future generations, can promote long-term vision for PCSD that outlives electoral cycles or government terms. | F11: =IFERROR(VLOOKUP(E11,Lists!$B$3:$C$7,2,0),"") | G11: =IFERROR(INDEX(Lists!$G$3:$K$26,MATCH('P1'!$C11,Lists!$F$3:$F$26,0),MATCH('P1'!$E11,Lists!$G$2:$K$2,0)),"")
C12: Subtotal Score for Theme 2. Long-term Vision | F12: =SUM(F9:F11) -> 0
B13: 3. The Integration of Sustainable Development into Policy and Finance | C13: 3.1 | D13: Does the government have a budgetary process that integrates sustainable development into sectoral policies, and to address synergies and trade-offs across economic, social and environmental policy areas? For example, through the use of SDG budgeting (i.e. tagging budget measures, etc.) or checklists. | F13: =IFERROR(VLOOKUP(E13,Lists!$B$3:$C$7,2,0),"") | G13: =IFERROR(INDEX(Lists!$G$3:$K$26,MATCH('P1'!$C13,Lists!$F$3:$F$26,0),MATCH('P1'!$E13,Lists!$G$2:$K$2,0)),"")
C14: 3.2 | D14: Does the government have dedicated mechanisms or tools to integrate sustainable development into the sectoral or financing plans of line ministries? For example, strategies, guidelines, regulations, provisions or coordination mechanisms for ministries and government agencies to align their mandates, policies and sectoral objectives with sustainable development priorities. | F14: =IFERROR(VLOOKUP(E14,Lists!$B$3:$C$7,2,0),"") | G14: =IFERROR(INDEX(Lists!$G$3:$K$26,MATCH('P1'!$C14,Lists!$F$3:$F$26,0),MATCH('P1'!$E14,Lists!$G$2:$K$2,0)),"")
C15: 3.3 | D15: Does the government have established mechanisms or measures to promote the mobilisation of public, private, domestic, and international resources for sustainable development? For example, specific programmes or policies informed by policy coherence to enhance the contribution of domestic resources to sustainable development; incentives or frameworks to attract private investment for sustainable development projects; partnerships between the government and private sector to finance sustainable development initiatives, etc. | F15: =IFERROR(VLOOKUP(E15,Lists!$B$3:$C$7,2,0),"") | G15: =IFERROR(INDEX(Lists!$G$3:$K$26,MATCH('P1'!$C15,Lists!$F$3:$F$26,0),MATCH('P1'!$E15,Lists!$G$2:$K$2,0)),"")
C16: Subtotal Score for Theme 3. The Integration of Sustainable Development into Policy and Finance | F16: =SUM(F13:F15) -> 0
B17: 4. Whole-of-government Coordination | C17: 4.1 | D17: Has the government established high-level coordinating mechanisms with clear mandates to ensure whole-of-government coordination for PCSD, including at sectoral level? For example, a high-level coordinating mechanism or body whether located within the Centre of Government or a lead line ministry as appropriate, with a clear mandate, resources and capacities to anticipate and resolve policy divergences, including on potential negative impacts of policies, and tensions arising from diverging priorities and different sectoral interests. | F17: =IFERROR(VLOOKUP(E17,Lists!$B$3:$C$7,2,0),"") | G17: =IFERROR(INDEX(Lists!$G$3:$K$26,MATCH('P1'!$C17,Lists!$F$3:$F$26,0),MATCH('P1'!$E17,Lists!$G$2:$K$2,0)),"")
C18: 4.2 | D18: Are there formal governance structures or informal channels in place to support communication between sectoral ministries and departments for enhancing PCSD? For example, inter-ministerial committees that stimulate open exchange of ideas and innovative thinking to address cross-cutting policy objectives and develop integrated solutions. | F18: =IFERROR(VLOOKUP(E18,Lists!$B$3:$C$7,2,0),"") | G18: =IFERROR(INDEX(Lists!$G$3:$K$26,MATCH('P1'!$C18,Lists!$F$3:$F$26,0),MATCH('P1'!$E18,Lists!$G$2:$K$2,0)),"")
C19: 4.3 | D19: Are there specific capacity-building programs or other resources in place for public servants, government officials, or staff to enhance policy coherence for sustainable development? For example, to improve skills that take civil servants beyond their traditional operating environment and challenge them to think and act in new, cross-disciplinary ways to foster coherence in policymaking. | F19: =IFERROR(VLOOKUP(E19,Lists!$B$3:$C$7,2,0),"") | G19: =IFERROR(INDEX(Lists!$G$3:$K$26,MATCH('P1'!$C19,Lists!$F$3:$F$26,0),MATCH('P1'!$E19,Lists!$G$2:$K$2,0)),"")
C20: Subtotal Score for Theme 4. Whole-of-government Coordination | F20: =SUM(F17:F19) -> 0
B21: 5. Sub-national Engagement | C21: 5.1 | D21: Are there provisions or mechanisms in place to align national and sub-national plans, policies, budgets, or regulatory frameworks for sustainable development? For example, National Sustainable Development Strategies outline relevant action and mandate sub-national engagement; or data exchanges and other engagements between government levels are institutionalised in other ways. | F21: =IFERROR(VLOOKUP(E21,Lists!$B$3:$C$7,2,0),"") | G21: =IFERROR(INDEX(Lists!$G$3:$K$26,MATCH('P1'!$C21,Lists!$F$3:$F$26,0),MATCH('P1'!$E21,Lists!$G$2:$K$2,0)),"")
C22: 5.2 | D22: Are there formal governance structures or informal channels in place to support communication between national and sub-national levels of government for enhancing PCSD? For example, interterritorial commissions, the participation of local governments in National Councils for the 2030 Agenda, and focal points for the implementation of SDGs at the regional and local level. | F22: =IFERROR(VLOOKUP(E22,Lists!$B$3:$C$7,2,0),"") | G22: =IFERROR(INDEX(Lists!$G$3:$K$26,MATCH('P1'!$C22,Lists!$F$3:$F$26,0),MATCH('P1'!$E22,Lists!$G$2:$K$2,0)),"")
C23: 5.3 | D23: Are there mechanisms or processes in place to ensure coordinated action between national and subnational agencies on international initiatives or development co-operation for sustainable development? For example, national agencies provide advisory services, networks, or matchmaking for sub-national entities engaging in international initiatives or development cooperation. | F23: =IFERROR(VLOOKUP(E23,Lists!$B$3:$C$7,2,0),"") | G23: =IFERROR(INDEX(Lists!$G$3:$K$26,MATCH('P1'!$C23,Lists!$F$3:$F$26,0),MATCH('P1'!$E23,Lists!$G$2:$K$2,0)),"")
C24: Subtotal Score for Theme 5. Sub-national Engagement | F24: =SUM(F21:F23) -> 0
B25: 6. Stakeholder-engagement | C25: 6.1 | D25: Are there participatory mechanisms in place to ensure stakeholders are informed and engaged proactively in different phases of the policy cycle for sustainable development, or in the development of PCSD initiatives through a whole-of-society approach? For example, dedicated laws, public consultations, advisory committees, focus groups, online platforms, regular meetings or other means enable engagement and participation in decision-making making, to gather feedback, address coherence issues, and collaborate on solutions involving different levels of society. | F25: =IFERROR(VLOOKUP(E25,Lists!$B$3:$C$7,2,0),"") | G25: =IFERROR(INDEX(Lists!$G$3:$K$26,MATCH('P1'!$C25,Lists!$F$3:$F$26,0),MATCH('P1'!$E25,Lists!$G$2:$K$2,0)),"")
C26: 6.2 | D26: Are there mechanisms in place to reach out to marginalised and vulnerable groups in society and advocate for their needs and participation in decision-making to advance inclusive sustainable development? For example, to consult or engage different groups as co-designers on action plans that mainstream, in an integrated manner, the principle of leaving no one behind in public policies and reform measures, placing emphasis on targeted measures which support those who are furthest behind and promote human rights, gender equality and social inclusion. | F26: =IFERROR(VLOOKUP(E26,Lists!$B$3:$C$7,2,0),"") | G26: =IFERROR(INDEX(Lists!$G$3:$K$26,MATCH('P1'!$C26,Lists!$F$3:$F$26,0),MATCH('P1'!$E26,Lists!$G$2:$K$2,0)),"")
C27: 6.3 | D27: Has the government put mechanisms in place to promote stakeholder engagement in policy coherence for sustainable development at various levels of governance, to advance best practice and encourage peer learning? For example, engagement through global or national campaigns, policy dialogues, intergovernmental processes, capacity building initiatives, and societal mobilisation. | F27: =IFERROR(VLOOKUP(E27,Lists!$B$3:$C$7,2,0),"") | G27: =IFERROR(INDEX(Lists!$G$3:$K$26,MATCH('P1'!$C27,Lists!$F$3:$F$26,0),MATCH('P1'!$E27,Lists!$G$2:$K$2,0)),"")
C28: Subtotal Score for Theme 6. Stakeholder-engagement | F28: =SUM(F25:F27) -> 0
B29: 7. Impact Assessment | C29: 7.1 | D29: Does the government have any mechanisms or tools in place to conduct regular policy impact assessments to identify any positive and negative impacts on sustainable development? For example, established tools such as cost-benefit analysis, indicator frameworks for tracking policy effectiveness, or other tools such as Regulatory, Environmental, Gender and Social Impact, and Strategic Assessments are regularly used across government sectors to evaluate and align policies with sustainable development objectives. | F29: =IFERROR(VLOOKUP(E29,Lists!$B$3:$C$7,2,0),"") | G29: =IFERROR(INDEX(Lists!$G$3:$K$26,MATCH('P1'!$C29,Lists!$F$3:$F$26,0),MATCH('P1'!$E29,Lists!$G$2:$K$2,0)),"")
C30: 7.2 | D30: Has the government established ex-ante and ex-post policy impact assessments that consider transboundary impacts? For example, established tools such as cost-benefit analysis, transboundary impact assessments, multistakeholder consultations, indicator frameworks or other tools are regularly used across government sectors to evaluate the transboundary impacts of policies on sustainable development. | F30: =IFERROR(VLOOKUP(E30,Lists!$B$3:$C$7,2,0),"") | G30: =IFERROR(INDEX(Lists!$G$3:$K$26,MATCH('P1'!$C30,Lists!$F$3:$F$26,0),MATCH('P1'!$E30,Lists!$G$2:$K$2,0)),"")
C31: 7.3 | D31: Does the government have any mechanisms in place to build capacity in the public service to collect and analyse evidence on how different policies, laws or regulations impact sustainable development? For example, training designed to allow civil servants to strategically address positive and negative impacts of policies, laws or regulations on sustainable development. | F31: =IFERROR(VLOOKUP(E31,Lists!$B$3:$C$7,2,0),"") | G31: =IFERROR(INDEX(Lists!$G$3:$K$26,MATCH('P1'!$C31,Lists!$F$3:$F$26,0),MATCH('P1'!$E31,Lists!$G$2:$K$2,0)),"")
C32: Subtotal Score for Theme 7. Impact Assessment | F32: =SUM(F29:F31) -> 0
B33: 8. Monitoring, Evaluation, and Reporting | C33: 8.1 | D33: Does the government have any information management systems or similar mechanisms in place to coherently identify and centralise data, indicators and (or) other information for monitoring progress on sustainable development? For example, centralising existing reliable data, indicators, and information to monitor economic, social, and environmental externalities imposed beyond national borders (transboundary impacts). | F33: =IFERROR(VLOOKUP(E33,Lists!$B$3:$C$7,2,0),"") | G33: =IFERROR(INDEX(Lists!$G$3:$K$26,MATCH('P1'!$C33,Lists!$F$3:$F$26,0),MATCH('P1'!$E33,Lists!$G$2:$K$2,0)),"")
C34: 8.2 | D34: Does the government have mechanisms in place to provide regular and transparent reporting to relevant national bodies (e.g. Parliament, ministerial or other bodies) on progress on PCSD? For example, regular reports to the parliament, ministerial or other bodies about progress on PCSD. Information on progress can also be included in VNRs and in reporting on development co-operation activities. | F34: =IFERROR(VLOOKUP(E34,Lists!$B$3:$C$7,2,0),"") | G34: =IFERROR(INDEX(Lists!$G$3:$K$26,MATCH('P1'!$C34,Lists!$F$3:$F$26,0),MATCH('P1'!$E34,Lists!$G$2:$K$2,0)),"")
C35: 8.3 | D35: Does the government have mechanisms in place to ensure that findings on PCSD are regularly evaluated and used to take adaptive action, including with regards to synergies and potential trade-offs between sectoral policies? For example, evaluation systems systematically assess the coherence of policies with different sectoral priorities and policies, providing actionable insights for policymakers. | F35: =IFERROR(VLOOKUP(E35,Lists!$B$3:$C$7,2,0),"") | G35: =IFERROR(INDEX(Lists!$G$3:$K$26,MATCH('P1'!$C35,Lists!$F$3:$F$26,0),MATCH('P1'!$E35,Lists!$G$2:$K$2,0)),"")
C36: Subtotal Score for Theme 8. Monitoring, Evaluation, and Reporting | F36: =SUM(F33:F35) -> 0
B37: Total Score | F37: =SUM(F36,F32,F28,F24,F20,F16,F12,F8) -> 0

Sheet Scoring
B2: Scoring with breakdown per question and level of implementation, containing examples
B4: Theme | C4: # | D4: Question | E4: Not in place (0) | F4: Under development (1) | G4: In place, not implemented (2) | H4: In place, partially implemented (3) | I4: In place, fully implemented (4)
B5: 1. Political Commitment | C5: 1.1 | D5: Is there a clear political statement at the highest level of government demonstrating commitment to PCSD? For example, an explicit commitment to PCSD in national strategic documents, policies or legislation, including at sectoral level. | E5: There is no clear political statement in place, and there are no plans or actions to include it in national strategic documents, policies or legislation. | F5: There is no clear political statement in place; however, there are formal plans to develop one and include it in national strategic documents, policies or legislation, including at sectoral level, or it is currently under development. (e.g. An upcoming new or updated national strategic document, policy or law with an explicit commitment to PCSD.) | G5: There is a clear political statement at the highest level of government demonstrating commitment to PCSD, but it is not implemented. (e.g. The commitment to PCSD is reflected in sectoral strategies, policies or laws but there are no action plans, priority areas, institutional roles and responsibilities to support it. Any activities do not effectively translate the commitment to PCSD into action.) | H5: There is a clear political statement at the highest level of government demonstrating commitment to PCSD, but the level of implementation is incomplete. (e.g. Some elements may be missing, preventing full implementation of the commitment to PCSD. This could be due to unclear oversight mandates, roles and responsibilities, insufficient funding, capacities or data, regulatory burdens, normative gaps, or lengthy bureaucratic processes.) | I5: There is a clear political statement at the highest level of government demonstrating commitment to PCSD, implemented in all relevant aspects of governance. (e.g. The government has made a clear political statement at the highest level, demonstrating commitment to PCSD. The political leadership actively promotes PCSD and supports sustainable development goals, ensuring that policies, laws and institutional arrangements align with these goals, including at sectoral level, as applicable. This commitment is translated into concrete mechanisms and actions across all relevant sectors and policies. This includes integrating PCSD into relevant policies and legislative frameworks, strategic planning, and operational activities, fostering a culture of sustainability throughout the government. Stakeholders are engaged, public support is mobilised, and robust monitoring and evaluation mechanisms are in place to track progress and ensure accountability.)
C6: 1.2 | D6: Has the government defined clear national priority areas for advancing PCSD? For example, clear priority areas for addressing issues where trade-offs need to be managed or potential transboundary impacts need to be addressed, defined within a national policy, strategy, law or action plan for advancing sustainable development. | E6: There are no clear national priority areas in place, and there are no plans or actions to define them. | F6: There are no clear national priority areas in place; however, there are formal plans to define them, or they are currently under development. (e.g. An upcoming new or updated national strategic document, policy or law with an explicit commitment to PCSD.) | G6: The government has defined clear national priority areas for advancing PCSD, but specific actions to address these priority areas have not been implemented. (e.g. No concrete actions have been taken to address the priority areas for advancing PCSD in sectoral strategies, policies, or regulations. Alternatively, the actions taken have not effectively addressed these priority areas.) | H6: The government has defined clear national priority areas for advancing PCSD, but the level of implementation is incomplete. (e.g. Some factors may be preventing full implementation. These could include insufficient funding, capacity, data, siloed institutional approaches, normative or regulatory gaps, including at sectoral level, or lengthy bureaucratic processes.) | I6: The government has defined clear national priority areas for advancing PCSD, and these are implemented covering all relevant aspects of governance. (e.g. The defined priorities are integrated into sectoral policies, strategies, and time-bound action plans, guiding efforts to achieve sustainable development goals, capitalising on synergies across sectors and considering potential transboundary impacts of policies. There is active coordination across sectors to align initiatives with these priorities, fostering an integrated approach throughout the government.)
C7: 1.3 | D7: Has the government defined clear institutional roles and responsibilities for promoting, overseeing, and implementing PCSD? For example, a law or administrative directive has established a central unit, ministry, or inter-ministerial committee that has the mandate to promote, oversee or implement PCSD. | E7: There are no clear institutional roles and responsibilities in place, and there are no plans or actions to define them. | F7: There are no clear institutional roles and responsibilities in place; however, there are formal plans to define them, or they are currently under development. (e.g. Upcoming changes in the government structures; new mandates for existing bodies or institutional structures defining clear PCSD role or the creation of new bodies or institutions explicitly mandated to enhance PCSD across the government.) | G7: The government has defined clear institutional roles and responsibilities for promoting, overseeing, and implementing PCSD, but these roles have not yet been implemented. (e.g. Factors that may hinder implementation include: insufficient funding, capacity constraints, regulatory burdens, normative gaps, lack of specific mandates, inadequate political will, coordination issues, insufficient stakeholder engagement, weak inter-ministerial communication, etc.) | H7: The government has defined clear institutional roles and responsibilities for promoting, overseeing, and implementing PCSD. However, these roles have only been partially implemented. (Several challenges could be causing the partial implementation, including limited financial, human, or technical resources, resistance from existing institutional practices, lack of inter-ministerial collaboration, normative or regulatory gaps and insufficient capacity-building for staff involved in PCSD.) | I7: The government has defined clear institutional roles and responsibilities for promoting, overseeing, and implementing PCSD. In practice, these roles are comprehensively implemented in all relevant aspects of governance. (e.g. A lead institution has been established with clear mandates to promote and oversee the implementation of PCSD across the government. The mandates and role of this institution are well known throughout the government in different sectors and at different levels.)
B8: 2. Long-term Vision | C8: 2.1 | D8: Has the government developed a strategic long-term vision for sustainable development to enhance policy coherence? For example, a national vision statement, policy, strategy or action plan that sets objectives to identify, prevent, and mitigate actual and potential adverse impacts of decision-making on the wellbeing and sustainable development of future generations. | E8: There is no strategic long-term vision for sustainable development in place, and there are no plans or actions to develop it. | F8: There is no strategic long-term vision for sustainable development in place; however, there are formal plans to develop it, or it is currently under development. (e.g. An upcoming new or updated national long-term vision statement, policy or strategy to identify, prevent, and mitigate actual and potential adverse impacts of decision-making on the wellbeing and sustainable development of future generations.) | G8: The government has developed and formally adopted a strategic long-term vision for sustainable development to enhance policy coherence, but it is not implemented yet. (e.g. Sectoral strategies and policies do not include the key elements of the long-term vision. They lack clear objectives to identify, prevent, or reduce potential negative impacts of decision-making on the wellbeing and sustainable development of future generations.) | H8: The government has developed a strategic long-term vision for sustainable development to enhance policy coherence, but the level of implementation is incomplete. (e.g. Several challenges could be hindering the full implementation. These could include poor integration into sectoral policies, undefined objectives, limited stakeholder engagement, inadequate monitoring, capacity constraints, normative gaps, and low public awareness.) | I8: The government has developed a strategic long-term vision for sustainable development to enhance policy coherence, which is implemented in all relevant aspects of governance. (e.g. A long-term vision or strategy is in place establishing long-term goals and targets for sustainable development and guiding short-term decision-making to consider the wellbeing and sustainable development of future generations. This strategic vision is integrated into all relevant sectoral strategies and policies and translated into concrete actions to identify, prevent, and mitigate potential adverse impacts on future generations. This process involves engaging stakeholders, securing legislative and public support, and developing robust monitoring and evaluation frameworks.)
C9: 2.2 | D9: Does the government use long-term strategic planning tools to enhance policy coherence? For example, the use of tools such as impact assessments, strategic foresight, scenario development, integrated modelling tools or systems-thinking approaches in the formulation and implementation of strategies and policies to identify, prevent, and mitigate potential adverse impacts on the wellbeing and sustainable development of future generations. | E9: There are no long-term strategic planning tools in place, and there are no plans or actions to develop them. | F9: There are no long-term strategic planning tools in place; however, there are formal plans to develop them, or they are currently under development. (e.g. The upcoming creation of dedicated strategic foresight units at the center of government or ministries, changes to existing impact assessment tools, and the development of new training programs related to long-term planning tools and systems-thinking approaches.) | G9: The government has developed long-term strategic planning tools to enhance policy coherence, but these tools have not been implemented yet. (e.g. Resource constraints, lack of political will, institutional resistance, insufficient training, complexity of using tools, normative gaps and inadequate engagement might be factors that hinder implementation.) | H9: The government uses long-term strategic planning tools to enhance coherence. However, these tools have only been partially implemented. (e.g. Several challenges could be hindering the full implementation. These could include: resource constraints, insufficient political will, institutional resistance, normative gaps insufficient training, etc.) | I9: The government uses long-term strategic planning tools to enhance policy coherence, and these are implemented covering all relevant aspects of governance. (e.g. The government commonly uses long-term strategic planning tools (e.g. impact assessments, strategic foresight, scenario development, integrated modeling tools, or systems-thinking approaches) in formulating and implementing strategies and policies. These tools help identify, prevent, and mitigate potential adverse impacts on the wellbeing and sustainable development of future generations. These tools are proactively used to inform policy- and decision-making.)
C10: 2.3 | D10: Has the government established dedicated institutional arrangements or mechanisms to support a long-term vision for PCSD? For example, independent bodies, a commissioner, council, or ombudsperson for future generations, can promote long-term vision for PCSD that outlives electoral cycles or government terms. | E10: There are no institutional arrangements or mechanisms in place, and there are no plans or actions to establish them. | F10: There are no institutional arrangements or mechanisms in place; however, there are formal plans to establish them, or they are currently under development. (e.g. The upcoming creation of a dedicated or independent body, such as the National Commissions for Sustainable Development, independent bodies, a commissioner, council, or ombudsperson for future generations with a specific mandate to enhance PCSD that spans government terms and electoral cycles, ensuring continuity of PCSD efforts across different administrations.) | G10: The government has established dedicated institutional arrangements or mechanisms to support a long-term vision for PCSD. However, their tasks have not been implemented yet. (e.g. Several factors can hinder implementation including unclear mandates, resource constraints, insufficient political will, institutional resistance, inadequate stakeholder engagement, normative gaps, and low public awareness and support.) | H10: The government has established dedicated institutional arrangements or mechanisms to support a long-term vision for PCSD. However, their tasks have only been partially implemented. (e.g. The full implementation of government measures can be hindered by political interference, insufficient resources, bureaucratic resistance, poor coordination among ministries or departments, public opposition, complex legal frameworks, normative gaps or other gaps in monitoring and evaluation.) | I10: The government has established dedicated institutional arrangements or mechanisms to support a long-term vision for PCSD Their tasks are comprehensively implemented covering all relevant aspects of governance. (e.g. The government has established a dedicated body with clear mandates and resources to ensure its commitment to PCSD extends beyond electoral cycles and government terms. This body has clear objectives, adequate resources, and supports effective communication, strong leadership, stakeholder engagement, and coordination across Ministries or departments. It also has robust monitoring and evaluation systems and the flexibility to adapt to changing circumstances.)
B11: 3. The Integration of Sustainable Development into Policy and Finance | C11: 3.1 | D11: Does the government have a budgetary process that integrates sustainable development into sectoral policies, and to address synergies and trade-offs across economic, social and environmental policy areas? For example, through the use of SDG budgeting (i.e. tagging budget measures, etc.) or checklists. | E11: There is no budgetary process in place, and there are no formal plans or actions to develop it. | F11: There is no budgetary process in place; however, there are formal plans to develop it, or it is currently under development. (e.g. The upcoming introduction of new directives for preparing the annual budget with the aim of integrating sustainable development into sectoral policies, or adopting new practices such as SDG coding and tagging, SDG-aligned results-based budgeting, and linking the strategic budgeting process to the SDGs.) | G11: The government has developed a budgetary process to integrate sustainable development into sectoral policies, and to address synergies and trade-offs across economic, social and environmental policy areas, but it has not been implemented yet. (e.g. Several factors can hinder implementation, including the complexity of integrating sustainability into existing frameworks, balancing resource allocation across competing goals, the need for capacity building within institutions, the necessity of strong political will and commitment, normative gaps, and financial constraints.) | H11: The government has developed a budgetary process to integrate sustainable development into sectoral policies, and to address synergies and trade-offs across economic, social and environmental policy areas, but its implementation remains partial. (e.g. Several challenges could be hindering full implementation, including the complexity of integrating sustainable development priorities into existing frameworks, difficulties in data collection, balancing resource allocation across competing goals, weak institutional capacity, insufficient political will and commitment, normative gaps, and financial constraints.) | I11: The government has developed a budgetary process to integrate sustainable development into sectoral policies, and to address synergies and trade-offs across economic, social and environmental policy areas. Sustainability considerations are integrated in all phases of the budgetary process. (e.g. Sustainable development is effectively integrated into sectoral policies through budgetary process (e.g. budget formulation, approval, execution, oversight), promoting synergies across policy sectors, strategically balancing resource allocations for economic, social and environmental goals, and fostering collaboration and coordination between government departments and agencies).
C12: 3.2 | D12: Does the government have dedicated mechanisms or tools to integrate sustainable development into the sectoral or financing plans of line ministries? For example, strategies, guidelines, regulations, provisions or coordination mechanisms for ministries and government agencies to align their mandates, policies and sectoral objectives with sustainable development priorities. | E12: There are no mechanisms or tools in place, and there are no plans or actions to develop them. | F12: There are no mechanisms or tools in place; however, there are formal plans to develop them, or they are currently under development. | G12: The government has developed dedicated mechanisms and tools to integrate sustainable development into the sectoral and financing plans of line ministries. However, these mechanisms have not yet been implemented. (e.g. Several challenges might hinder implementation, including limited funding, capacity constraints, limited data and information, coordination issues, insufficient political will, and normative gaps.) | H12: The government has developed dedicated mechanisms and tools to integrate sustainable development into the sectoral and financing plans of line ministries. However, these mechanisms have only been partially implemented. (e.g. Several factors might contribute to the partial implementation. These could include insufficient funding, capacity constraints, bureaucratic burdens, coordination issues, data unavailability normative gaps, etc.) | I12: The government has developed dedicated mechanisms and tools to integrate sustainable development into the sectoral and financing plans of line ministries. These mechanisms have been comprehensively implemented, covering all relevant aspects of governance. (e.g. Established mechanisms and tools have ensured that sustainable development priorities are integrated into every sector and financial plan, contributing to effective progress towards sustainable development goals. These mechanisms and tools also foster a culture of sustainability across all levels and sectors of government, driving continuous improvement and innovation in sustainable development practices.)
C13: 3.3 | D13: Does the government have established mechanisms or measures to promote the mobilisation of public, private, domestic, and international resources for sustainable development? For example, specific programmes or policies informed by policy coherence to enhance the contribution of domestic resources to sustainable development; incentives or frameworks to attract private investment for sustainable development projects; partnerships between the government and private sector to finance sustainable development initiatives, etc. | E13: There are no mechanisms or measures in place, and there are no plans or actions to develop them. | F13: There are no mechanisms or measures in place; however, there are formal plans to develop them, or they are currently under development. | G13: The government has established mechanisms or measures to promote the mobilisation of financial resources to support PCSD. However, these mechanisms have not yet been implemented. (e.g. Several challenges might hinder implementation, including insufficient funding, capacity, coordination, or insufficient stakeholder engagement.) | H13: The government has established mechanisms or measures to promote the mobilisation of financial resources to support PCSD. However, these mechanisms have only been partially implemented. (e.g. Some factors may be preventing full implementation. These could include insufficient funding, capacity, coordination, or insufficient stakeholder engagement.) | I13: The government has established mechanisms and implemented measures to promote the mobilisation of financial resources to support PCSD. These have been comprehensively applied, covering all relevant aspects of governance. (e.g. The established mechanisms and implemented measures have resulted in specific programs or policies that enhance the contribution of domestic resources to sustainable development, or have created incentives to attract private investments for sustainable development or fostered public-private partnerships that support the mobilisation of financial resources to advance sustainable development.)
B14: 4. Whole-of-government Coordination | C14: 4.1 | D14: Has the government established high-level coordinating mechanisms with clear mandates to ensure whole-of-government coordination for PCSD, including at sectoral level? For example, a high-level coordinating mechanism or body whether located within the Centre of Government or a lead line ministry as appropriate, with a clear mandate, resources and capacities to anticipate and resolve policy divergences, including on potential negative impacts of policies, and tensions arising from diverging priorities and different sectoral interests. | E14: There are no high-level coordinating mechanisms in place, and there are no plans or actions to establish them. | F14: There are no high-level coordinating mechanisms in place; however, there are formal plans to develop them, or they are currently under development. | G14: The government established high-level coordinating mechanisms with clear mandates to ensure whole-of-government coordination for PCSD, including at sectoral level. However, these mechanisms have not yet been implemented. (e.g. Several factors can hinder implementation, including insufficient political will, bureaucratic inefficiencies, information asymmetries, stakeholder resistance, vested interests, complexity of coordination, normative gaps and lack of accountability.) | H14: The government has established high-level coordinating mechanisms with clear mandates to ensure whole-of-government coordination for PCSD, including at sectoral level. However, these mechanisms have only been partially implemented. (e.g. Several challenges can lead to the partial implementation, including shifts in political leadership and priorities, insufficient technical resources, normative gaps, bureaucratic and stakeholder resistance; etc.) | I14: The government has established high-level coordinating mechanisms with clear mandates to ensure whole-of-government coordination for PCSD, including at sectoral level. These mechanisms have been fully implemented, covering all relevant aspects of governance. (e.g. A high-level coordinating mechanism operates regularly to support whole-of-government coordination for Policy Coherence for Sustainable Development (PCSD). This mechanism has a clear mandate, adequate resources, and the capacity to anticipate and resolve policy divergences, including potential negative impacts of policies and tensions arising from diverging priorities and different sectoral interests.)
C15: 4.2 | D15: Are there formal governance structures or informal channels in place to support communication between sectoral ministries and departments for enhancing PCSD? For example, inter-ministerial committees that stimulate open exchange of ideas and innovative thinking to address cross-cutting policy objectives and develop integrated solutions. | E15: The formal governance structures or informal channels do not exist, and there are no plans or actions to develop them. | F15: The formal governance structures or informal channels do not exist yet; however, there are formal plans to develop them, or they are currently under development. | G15: The government has established formal governance structures or informal channels to support communication between sectoral ministries and departments for enhancing PCSD. However, these mechanisms have not yet been implemented. (e.g. Several factors might hinder implementation, such as resistance to change, lack of alignment with organisational culture, vested interests, inadequate resources, poor communication normative gaps, and unfavorable external conditions like political instability or changes in government.) | H15: The government has established formal governance structures or informal channels to support communication between sectoral ministries and departments for enhancing PCSD. However, these mechanisms have only been partially implemented. (e.g. Full implementation may be hindered by bureaucratic rigidities, inflexibility, resource constraints, poor communication, resistance to change, normative gaps, and external factors like political instability or economic downturns.) | I15: The government has established formal governance structures or informal channels to support communication between sectoral ministries and departments for enhancing PCSD. These mechanisms have been fully implemented, covering all relevant aspects of governance. (e.g. The establishment of these structures and channels has led to improved collaboration, coordination, and information sharing across all sectors of government. This has strengthened the alignment of policies with the Sustainable Development Goals and fostered a culture of continuous improvement and innovation in public administration.)
C16: 4.3 | D16: Are there specific capacity-building programs or other resources in place for public servants, government officials, or staff to enhance policy coherence for sustainable development? For example, to improve skills that take civil servants beyond their traditional operating environment and challenge them to think and act in new, cross-disciplinary ways to foster coherence in policymaking. | E16: There are no capacity-building programmes or other resources in place, and there are no plans or actions to develop them. | F16: There are no capacity-building programmes or other resources in place; however, there are formal plans to develop them, or they are currently under development. | G16: The government has developed capacity-building programs or other resources for public servants, government officials, or staff to enhance policy coherence for sustainable development. However, these programmes have not yet been implemented. (e.g. Several challenges might hinder implementation. These could include insufficient funding, capacity constraints, bureaucratic burdens, coordination issues, data unavailability normative gaps, etc.) | H16: The government has developed capacity-building programs or other resources for public servants, government officials, or staff to enhance policy coherence for sustainable development. However, these programmes have only been partially implemented. (e.g. Several factors might contribute to the partial implementation. These could include insufficient funding, capacity constraints, bureaucratic burdens, coordination issues, insufficient engagement, etc.) | I16: The government has developed capacity-building programs or other resources for public servants, government officials, or staff to enhance policy coherence for sustainable development. These programmes have been fully implemented, covering all relevant aspects of governance. (e.g. Competency frameworks have been designed to target cross-disciplinary knowledge and skills to foster coherence in policymaking. Training has been developed to strengthen these skills, and rolled out to all relevant civil servants.)
B17: 5. Sub-national Engagement | C17: 5.1 | D17: Are there provisions or mechanisms in place to align national and sub-national plans, policies, budgets, or regulatory frameworks for sustainable development? For example, National Sustainable Development Strategies outline relevant action and mandate sub-national engagement; or data exchanges and other engagements between government levels are institutionalised in other ways. | E17: There are no provisions or mechanisms in place, and there are no formal plans or actions to develop them. | F17: There are no provisions or mechanisms in pace; however, there are formal plans to develop them, or they are currently under development. | G17: The provisions or mechanisms are in place to align national and sub-national plans, policies, budgets, or regulatory frameworks for sustainable development, but are not implemented. (e.g. National Sustainable Development Strategies outline relevant action at the sub-national level, but are not implemented through tools or action plans, or complemented by local monitoring on sustainable development objectives. This may be due to challenges such as resource constraints, lack of political will, institutional resistance, insufficient training, complex legal or political frameworks, normative gaps and inadequate engagement.) | H17: The provisions or mechanisms are in place to align national and sub-national plans, policies, budgets, and regulatory frameworks for sustainable development, but are only partially implemented. (The full implementation of government mechanisms can be hindered by challenges including resource constraints, lack of political will, institutional resistance, insufficient training, complex legal or political frameworks, normative gaps and inadequate engagement.) | I17: The provisions or mechanisms are in place to align national and sub-national plans, policies, budgets, and regulatory frameworks for sustainable development. These mechanisms have been fully implemented, covering all relevant aspects of governance. (e.g. National Sustainable Development Strategies are territorialised at the sub-national level and complemented by local indicators and monitoring systems on sustainable development objectives. Best practices and common challenges are documented, shared and incorporated across government levels, promoting continuous improvement. These mechanisms are effectively used to engage sub-national levels of government in PCSD and to promote coordinated action on relevant economic, social and environmental goals.)
C18: 5.2 | D18: Are there formal governance structures or informal channels in place to support communication between national and sub-national levels of government for enhancing PCSD? For example, interterritorial commissions, the participation of local governments in National Councils for the 2030 Agenda, and focal points for the implementation of SDGs at the regional and local level. | E18: There are no formal governance structures or informal channels in place, and there are no formal plans or actions to develop them. | F18: There are no formal governance structures or informal channels in place; however, there are formal plans to develop them, or they are currently under development. | G18: The government has established formal governance structures or informal channels to support communication between national and sub-national levels of government, but are not implemented. (e.g. Platforms for communication have been established, but are not active. This may be caused by a lack of political will, insufficient resources, bureaucratic resistance, poor coordination, normative gaps or inadequate engagement.) | H18: The government has established formal governance structures or informal channels to support communication between national and sub-national levels of government, but are only partially implemented. (e.g. The full implementation of government mechanisms can be hindered by a lack of political will, insufficient resources, bureaucratic resistance, poor coordination, normative gaps or inadequate engagement.) | I18: The government has established formal governance structures or informal channels to support communication between national and sub-national levels of government. These mechanisms have been fully implemented, covering all relevant aspects of governance. (e.g. Platforms such as interterritorial commissions are in place to collect inputs from subnational entities and initiate formal exchanges between government levels. These mechanisms are active and stimulate open exchange of ideas and innovative thinking to address cross-cutting policy objectives and facilitate multi-level dialogue around success stories and persistent challenges.)
C19: 5.3 | D19: Are there mechanisms or processes in place to ensure coordinated action between national and subnational agencies on international initiatives or development co-operation for sustainable development? For example, national agencies provide advisory services, networks, or matchmaking for sub-national entities engaging in international initiatives or development cooperation. | E19: There are no mechanisms or processes in place, and there are no formal plans or actions to develop them. | F19: There are no mechanisms or processes in place; however, there are formal plans to develop them, or they are currently under development. | G19: The government has established mechanisms or processes to coordinate national and sub-national action on international initiatives or development cooperation for sustainable development, but these are not implemented. (e.g. Advisory services, networks, or guidance are in place, but are not active or engaged with by sub-national entities.) | H19: The government has established mechanisms or processes to coordinate national and sub-national action on international initiatives or development cooperation for sustainable development, but these are only partially implemented. (e.g. The full implementation of government mechanisms can be hindered by insufficient resources, bureaucratic resistance, poor coordination among ministries or departments, inadequate engagement, or complex legal frameworks.) | I19: The government has established mechanisms or processes to coordinate national and sub-national action on international initiatives or development cooperation for sustainable development. These mechanisms have been fully implemented, covering all relevant aspects of governance. (e.g. For example, national agencies provide advisory services, networks, or matchmaking for sub-national entities engaging in international initiatives or development cooperation. Multi-level and multi-stakeholder partnerships connect actors and help exchange best practices, and support is well matched to demand and local context.)
B20: 6. Stakeholder-engagement | C20: 6.1 | D20: Are there participatory mechanisms in place to ensure stakeholders are informed and engaged proactively in different phases of the policy cycle for sustainable development, or in the development of PCSD initiatives through a whole-of-society approach? For example, dedicated laws, public consultations, advisory committees, focus groups, online platforms, regular meetings or other means enable engagement and participation in decision-making making, to gather feedback, address coherence issues, and collaborate on solutions involving different levels of society. | E20: There are no mechanisms in place, and there are no formal plans or actions to develop them. | F20: There are no mechanisms in place; however, there are formal plans to develop them, or they are currently under development. | G20: The participatory mechanisms are in place for stakeholder engagement in sustainable development policy-making through a whole-of-society approach, but these are not implemented. (e.g. These mechanisms have not been established as a regular part of the policy cycle, or inputs are not systematically fed into decision making for policy coherence or sustainable development; or normative gaps persist.) | H20: The participatory mechanisms are in place for stakeholder engagement in sustainable development policy-making through a whole-of-society approach, but these are partially implemented. (e.g. Several factors can limit implementation. These could such as insufficient political will, inadequate stakeholder engagement, normative gaps or a lack of resources or capacity.) | I20: The participatory mechanisms are in place for stakeholder engagement in sustainable development policy-making through a whole-of-society approach, and in the development of PCSD initiatives, and these mechanisms are fully implemented through participatory approaches. (e.g. Dedicated forums and opportunities are in place to develop recommendations for enhancing policy coherence and to provide analytical and strategic input on sustainable development, supported by dedicated normative provisions. Engagement concerns relevant representatives from civil society, academia, the private sector and trade- and employers’ unions, in coordination with government Ministries. Consultations are mandated to take place in a comprehensive manner at various stages of the policy cycle. Preparatory information and feedback on the outcomes of the process is provided to involved stakeholders.)
C21: 6.2 | D21: Are there mechanisms in place to reach out to marginalised and vulnerable groups in society and advocate for their needs and participation in decision-making to advance inclusive sustainable development? For example, to consult or engage different groups as co-designers on action plans that mainstream, in an integrated manner, the principle of leaving no one behind in public policies and reform measures, placing emphasis on targeted measures which support those who are furthest behind and promote human rights, gender equality and social inclusion. | E21: There are no mechanisms in place, and there are no formal plans or actions to develop them. | F21: There are no mechanisms in place; however, there are formal plans to develop them, or they are currently under development. | G21: The government has established mechanisms to reach out to marginalised and vulnerable groups in society and advocate for their participation in decision-making, to advance inclusive sustainable development, but these are not implemented. (e.g. These initiatives have not been rolled out to the public, or their results have not been fed into strategies for inclusive social and economic development; or normative gaps persist.) | H21: The government has established mechanisms to reach out to marginalised and vulnerable groups in society and advocate for their participation in decision-making, to advance inclusive sustainable development, but these are only partially implemented. (e.g. Several factors can limit implementation. These could include insufficient political will, inadequate stakeholder engagement, normative gaps or a lack of resources or capacity.) | I21: The government has established mechanisms to reach out to marginalised and vulnerable groups in society and advocate for their participation in decision-making, to advance inclusive sustainable development. These mechanisms have been fully implemented, covering all relevant aspects of governance. (e.g. These initiatives have been rolled out to key marginalised and vulnerable groups. Findings have been fed back into strategies designed to advance inclusive social and economic development, such as action plans that mainstream, in an integrated manner, the principle of leaving no one behind in public policies and reform measures, placing emphasis on targeted measures which support those who are furthest behind and promote human rights, gender equality and social inclusion.)
C22: 6.3 | D22: Has the government put mechanisms in place to promote stakeholder engagement in policy coherence for sustainable development at various levels of governance, to advance best practice and encourage peer learning? For example, engagement through global or national campaigns, policy dialogues, intergovernmental processes, capacity building initiatives, and societal mobilisation. | E22: There are no mechanisms in place, and there are no formal plans or actions to develop them. | F22: There are no mechanisms in place; however, there are formal plans to develop them, or they are currently under development. | G22: The government has in place mechanisms for collaboration with various stakeholders on initiatives to raise public awareness, mobilise support, and advocate for policy coherence for sustainable development at various levels of governance, but these have not been implemented. (e.g. These initiatives have not been rolled out to the public due to factors such as a lack of political will, insufficient resources, normative gaps and inadequate engagement.) | H22: The government has in place mechanisms for collaboration with various stakeholders on initiatives to raise public awareness, mobilise support, and advocate for policy coherence for sustainable development at various levels of governance, but these have only been partially implemented. (e.g. Several factors can limit implementation. These could such as insufficient political will, normative gaps and inadequate stakeholder engagement.) | I22: The government has worked with various stakeholders on initiatives to raise public awareness, mobilise support, and advocate for policy coherence for sustainable development at various levels of governance. These mechanisms have been fully implemented, covering all relevant aspects of governance. (e.g. The government has worked with stakeholders to support their engagement in a wide range of initiatives on sustainable development issues. Specific campaigns have been designed and delivered to build consensus on priorities for enhancing policy coherence for sustainable development and they have been promoted in international settings to advance best practice and encourage peer learning.)
B23: 7. Impact Assessment | C23: 7.1 | D23: Does the government have any mechanisms or tools in place to conduct regular policy impact assessments to identify any positive and negative impacts on sustainable development? For example, established tools such as cost-benefit analysis, indicator frameworks for tracking policy effectiveness, or other tools such as Regulatory, Environmental, Gender and Social Impact, and Strategic Assessments are regularly used across government sectors to evaluate and align policies with sustainable development objectives. | E23: There are no mechanisms or tools in place, and there are no formal plans or actions to develop them. | F23: There are no mechanisms or tools in place; however, there are formal plans to develop them, or they are currently under development. | G23: The government has developed mechanisms or tools to conduct regular policy impact assessments to identify any positive and negative impacts on sustainable development, but these are not implemented. (e.g. These mechanisms or tools are not used to inform decision-making in the policy and planning process due to limited capacity, resources, or training, normative gaps.) | H23: The government has developed mechanisms or tools to conduct regular policy impact assessments for identify any positive and negative impacts on sustainable development, but these are only partially implemented. (Several challenges could be hindering the full implementation. These could include limited capacity, resources, or training, normative gaps.) | I23: The government has developed mechanisms or tools to conduct regular policy impact assessments to identify any positive and negative impacts on sustainable development. These mechanisms have been fully implemented, covering all relevant aspects of governance. (e.g. The government has integrated principles of sustainable development into Regulatory Impact Assessments, and made these mandatory for legislative proposal by ministries. Available data is used to measure impact and make informed decisions on resource allocation, performance improvement, incentive changes and cost reductions. This leads to an important feedback loop for the policy design and delivery phases. Sufficient technical capacity and methodological skills have been built to facilitate the use of these impact assessment tools.)
C24: 7.2 | D24: Has the government established ex-ante and ex-post policy impact assessments that consider transboundary impacts? For example, established tools such as cost-benefit analysis, transboundary impact assessments, multistakeholder consultations, indicator frameworks or other tools are regularly used across government sectors to evaluate the transboundary impacts of policies on sustainable development. | E24: There are no ex-ante and ex-post policy impact assessments in place, and there are no formal plans or actions to develop them. | F24: There are no ex-ante and ex-post policy impact assessments in place; however, there are formal plans to develop them, or they are currently under development. | G24: The government has established ex-ante and ex-post policy impact assessments that consider transboundary impacts, but these are not implemented. (e.g. These mechanisms or tools are not used to inform decision-making in the policy and planning process due to limited capacity, resources, or training or normative gaps.) | H24: The government has established ex-ante and ex-post policy impact assessments that consider transboundary impacts, but these are only partially implemented. (e.g. Several challenges could be hindering the full implementation. These could include limited capacity, resources, or training or normative gaps.) | I24: The government has established ex-ante and ex-post policy impact assessments that consider transboundary impacts. These mechanisms have been fully implemented, covering all relevant aspects of governance. (e.g. Established tools such as transboundary impact assessments, spillover analysis frameworks, or multi-stakeholder consultations are used to regularly assess international implications of government policies. There is effective use of these mechanisms to facilitate informed decision-making in the policy and planning process.)
C25: 7.3 | D25: Does the government have any mechanisms in place to build capacity in the public service to collect and analyse evidence on how different policies, laws or regulations impact sustainable development? For example, training designed to allow civil servants to strategically address positive and negative impacts of policies, laws or regulations on sustainable development. | E25: There are no mechanisms in place, and there are no formal plans or actions to develop them. | F25: There are no mechanisms in place; however, there are formal plans to develop them, or they are currently under development. | G25: The government has mechanisms in place to provide capacity building for the public service to collect and analyse evidence on how different policies, laws or regulations impact sustainable development, but these mechanisms have not been implemented and rolled out to civil servants. (e.g. These initiatives have not been rolled out due to factors such as a lack of political will, insufficient resources, normative gaps and inadequate engagement.) | H25: The government has mechanisms in place to provide capacity building for the public service to collect and analyse evidence on how different policies, laws or regulations impact sustainable development, but these mechanisms have only been partially implemented and rolled out to civil servants. (e.g. Several challenges could be hindering the full implementation. These could include resource constraints or insufficient political will.) | I25: The government has mechanisms in place to provide capacity building for the public service to collect and analyse evidence on how different policies, laws or regulations impact sustainable development, and these initiatives have been fully implemented and rolled out to civil servants. (e.g. Training designed to allow civil servants to strategically address positive and negative impacts of policies on sustainable development, rolled out to all relevant staff. Competency frameworks have been developed to identify and strengthen the right skills of public servants, to make civil servants fit to deliver on national objectives on sustainable development.)
B26: 8. Monitoring, Evaluation, and Reporting | C26: 8.1 | D26: Does the government have any information management systems or similar mechanisms in place to coherently identify and centralise data, indicators and (or) other information for monitoring progress on sustainable development? For example, centralising existing reliable data, indicators, and information to monitor economic, social, and environmental externalities imposed beyond national borders (transboundary impacts). | E26: There are no information management systems or similar mechanisms in place, and there are no formal plans or actions to develop them. | F26: There are no information management systems or similar mechanisms in place; however, there are formal plans to develop them, or they are currently under development. | G26: The information management systems or similar mechanisms exist, and the government has identified and centralised data, indicators and (or) other information to monitor progress on sustainable development, but has not yet fully implemented these. (e.g. The indicators have not yet been populated with up-to-date data, or have not been made widely available to civil servants; normative gaps persists; or the systems or mechanisms are not yet operational.) | H26: The information management systems or similar mechanisms exist, and the government has identified and centralised data, indicators and (or) other information to monitor progress on sustainable development , but has only partially implemented these. (e.g. Some factors may be preventing full implementation. These could include a lack of data or indicators, or a lack of awareness of or training to allow civil servants to access the system, normative gaps persists; or the systems or mechanisms are not yet fully operational.) | I26: The information management systems or similar mechanisms exist, and the government has identified data, indicators and (or) other information to monitor transboundary impacts. These mechanisms have been fully implemented, covering all relevant aspects of governance. (e.g. The government has identified reliable and timely data and indicators to effectively monitor progress on sustainable development. Information management systems or their mechanisms are in place and they facilitate the public availability, accessibility and comparability of centralised and harmonised data on sustainable development. This may include indicators used to monitor trends in based on income and resources flows that impact the well-being of people in other countries. For example, on trade and aid (Official Development Assistance, remittances, imports of goods) and environment and resources (fossil fuel imports, imports of metals, greenhouse gas footprints).)
C27: 8.2 | D27: Does the government have mechanisms in place to provide regular and transparent reporting to relevant national bodies (e.g. Parliament, ministerial or other bodies) on progress on PCSD? For example, regular reports to the parliament, ministerial or other bodies about progress on PCSD. Information on progress can also be included in VNRs and in reporting on development co-operation activities. | E27: There are no mechanisms in place, and there are no formal plans or actions to develop them. | F27: There are no mechanisms in place; however, there are formal plans to develop them, or there are currently under development. | G27: The mechanisms for regular and transparent reporting to relevant national bodies are in place, but are not implemented. (e.g. Information is not reported due to lengthy bureaucratic processes or a lack of sufficient data collection, normative gaps.) | H27: The mechanisms for regular and transparent reporting to relevant national bodies are in place, but are only partially implemented. (Several challenges could be hindering the full implementation. These could include the administrative burden or a lack of regular data collection, normative gaps.) | I27: The mechanisms for regular and transparent reporting to relevant national bodies are in place. These mechanisms have been fully implemented, covering all relevant aspects of governance. (e.g. Reports for parliament, ministerial or other bodies and the wider public about progress on PCSD are regularly published, outlining progress made on the achievement of policy priorities and on how policies are being implemented regarding sustainable development issues.)
C28: 8.3 | D28: Does the government have mechanisms in place to ensure that findings on PCSD are regularly evaluated and used to take adaptive action, including with regards to synergies and potential trade-offs between sectoral policies? For example, evaluation systems systematically assess the coherence of policies with different sectoral priorities and policies, providing actionable insights for policymakers. | E28: There are no mechanisms in place, and there are no formal plans or actions to develop them. | F28: There are no mechanisms in place; however, there are formal plans to develop them, or they are currently under development. | G28: The mechanisms are in place for the evaluation of PCSD, including synergies and potential trade-offs between sectoral policies, but they are not implemented and used to inform decision making. (e.g. These evaluation systems are not applied due to their administrative burden, a lack of data, or their findings are not reported to decision-makers, normative gaps persist, or the mechanisms are not yet used to take adaptive action.) | H28: The mechanisms are in place for the evaluation of PCSD, including synergies and potential trade-offs between sectoral policies, but they are only partially implemented and used to inform decision making and ensure that adaptive action is taken. (Several challenges could be hindering the full implementation. These could include the administrative burden, limited technical capacity or a lack of data, normative gaps persist, or the mechanisms are not yet fully used to take adaptive action). | I28: The mechanisms are in place for the evaluation of PCSD, including synergies and potential trade-offs between sectoral policies and they are fully implemented to ensure that findings are used to inform decision making and adaptive action is taken. (e.g. These evaluation systems are used systematically to inform decision makers, as a fixed part of the policy cycle supported by sufficient data and capacity and normative provisions.)

Sheet P2
B2: Table P2: Supplementary Information Sheet
B4: General Information
B6: Country:
B8: Contact institution:
B10: Contact person:
B12: Email address:
B16: 1. Please insert any additional information that can help the interpretation of your data such as national definitions, survey methods, quality statements on the data, etc.
B19: 2. Please describe the difficulties encountered in filling in the questionnaire
B22: 3. Please provide additional recommendations for improving the questionnaire
B25: 4. To enable other countries to benefit from your experiences, UNEP and OECD would like to publish this questionnaire with your national feedback. Please indicate if you have any objections to the publication of the questionnaire on the UNEP/OECD websites. No response to this question will be considered as the country's consent to publish the results.

Sheet Lists
A1: Countries | B1: Answers | C1: Answer Points | F1: List of Questions
A2: Afghanistan | F2: Question | G2: Not in place | H2: Under development | I2: In place, not implemented | J2: In place, partially implemented | K2: In place, fully implemented
A3: Albania | B3: Not in place | C3: 0 | F3: 1.1 | G3: There is no clear political statement in place, and there are no plans or actions to include it in national strategic documents, policies or legislation. | H3: There is no clear political statement in place; however, there are formal plans to develop one and include it in national strategic documents, policies or legislation, including at sectoral level, or it is currently under development. (e.g. An upcoming new or updated national strategic document, policy or law with an explicit commitment to PCSD.) | I3: There is a clear political statement at the highest level of government demonstrating commitment to PCSD, but it is not implemented. (e.g. The commitment to PCSD is reflected in sectoral strategies, policies or laws but there are no action plans, priority areas, institutional roles and responsibilities to support it. Any activities do not effectively translate the commitment to PCSD into action.) | J3: There is a clear political statement at the highest level of government demonstrating commitment to PCSD, but the level of implementation is incomplete. (e.g. Some elements may be missing, preventing full implementation of the commitment to PCSD. This could be due to unclear oversight mandates, roles and responsibilities, insufficient funding, capacities or data, regulatory burdens, normative gaps, or lengthy bureaucratic processes.) | K3: There is a clear political statement at the highest level of government demonstrating commitment to PCSD, implemented in all relevant aspects of governance. (e.g. The government has made a clear political statement at the highest level, demonstrating commitment to PCSD. The political leadership actively promotes PCSD and supports sustainable development goals, ensuring that policies, laws and institutional arrangements align with these goals, including at sectoral level, as applicable. This commitment is translated into concrete mechanisms and actions across all relevant sectors and policies. This includes integrating PCSD into relevant policies and legislative frameworks, strategic planning, and operational activities, fostering a culture of sustainability throughout the government. Stakeholders are engaged, public support is mobilised, and robust monitoring and evaluation mechanisms are in place to track progress and ensure accountability.)
A4: Algeria | B4: Under development | C4: 1 | F4: 1.2 | G4: There are no clear national priority areas in place, and there are no plans or actions to define them. | H4: There are no clear national priority areas in place; however, there are formal plans to define them, or they are currently under development. (e.g. An upcoming new or updated national strategic document, policy or law with an explicit commitment to PCSD.) | I4: The government has defined clear national priority areas for advancing PCSD, but specific actions to address these priority areas have not been implemented. (e.g. No concrete actions have been taken to address the priority areas for advancing PCSD in sectoral strategies, policies, or regulations. Alternatively, the actions taken have not effectively addressed these priority areas.) | J4: The government has defined clear national priority areas for advancing PCSD, but the level of implementation is incomplete. (e.g. Some factors may be preventing full implementation. These could include insufficient funding, capacity, data, siloed institutional approaches, normative or regulatory gaps, including at sectoral level, or lengthy bureaucratic processes.) | K4: The government has defined clear national priority areas for advancing PCSD, and these are implemented covering all relevant aspects of governance. (e.g. The defined priorities are integrated into sectoral policies, strategies, and time-bound action plans, guiding efforts to achieve sustainable development goals, capitalising on synergies across sectors and considering potential transboundary impacts of policies. There is active coordination across sectors to align initiatives with these priorities, fostering an integrated approach throughout the government.)
A5: Andorra | B5: In place, not implemented | C5: 2 | F5: 1.3 | G5: There are no clear institutional roles and responsibilities in place, and there are no plans or actions to define them. | H5: There are no clear institutional roles and responsibilities in place; however, there are formal plans to define them, or they are currently under development. (e.g. Upcoming changes in the government structures; new mandates for existing bodies or institutional structures defining clear PCSD role or the creation of new bodies or institutions explicitly mandated to enhance PCSD across the government.) | I5: The government has defined clear institutional roles and responsibilities for promoting, overseeing, and implementing PCSD, but these roles have not yet been implemented. (e.g. Factors that may hinder implementation include: insufficient funding, capacity constraints, regulatory burdens, normative gaps, lack of specific mandates, inadequate political will, coordination issues, insufficient stakeholder engagement, weak inter-ministerial communication, etc.) | J5: The government has defined clear institutional roles and responsibilities for promoting, overseeing, and implementing PCSD. However, these roles have only been partially implemented. (Several challenges could be causing the partial implementation, including limited financial, human, or technical resources, resistance from existing institutional practices, lack of inter-ministerial collaboration, normative or regulatory gaps and insufficient capacity-building for staff involved in PCSD.) | K5: The government has defined clear institutional roles and responsibilities for promoting, overseeing, and implementing PCSD. In practice, these roles are comprehensively implemented in all relevant aspects of governance. (e.g. A lead institution has been established with clear mandates to promote and oversee the implementation of PCSD across the government. The mandates and role of this institution are well known throughout the government in different sectors and at different levels.)
A6: Angola | B6: In place, partially implemented | C6: 3 | F6: 2.1 | G6: There is no strategic long-term vision for sustainable development in place, and there are no plans or actions to develop it. | H6: There is no strategic long-term vision for sustainable development in place; however, there are formal plans to develop it, or it is currently under development. (e.g. An upcoming new or updated national long-term vision statement, policy or strategy to identify, prevent, and mitigate actual and potential adverse impacts of decision-making on the wellbeing and sustainable development of future generations.) | I6: The government has developed and formally adopted a strategic long-term vision for sustainable development to enhance policy coherence, but it is not implemented yet. (e.g. Sectoral strategies and policies do not include the key elements of the long-term vision. They lack clear objectives to identify, prevent, or reduce potential negative impacts of decision-making on the wellbeing and sustainable development of future generations.) | J6: The government has developed a strategic long-term vision for sustainable development to enhance policy coherence, but the level of implementation is incomplete. (e.g. Several challenges could be hindering the full implementation. These could include poor integration into sectoral policies, undefined objectives, limited stakeholder engagement, inadequate monitoring, capacity constraints, normative gaps, and low public awareness.) | K6: The government has developed a strategic long-term vision for sustainable development to enhance policy coherence, which is implemented in all relevant aspects of governance. (e.g. A long-term vision or strategy is in place establishing long-term goals and targets for sustainable development and guiding short-term decision-making to consider the wellbeing and sustainable development of future generations. This strategic vision is integrated into all relevant sectoral strategies and policies and translated into concrete actions to identify, prevent, and mitigate potential adverse impacts on future generations. This process involves engaging stakeholders, securing legislative and public support, and developing robust monitoring and evaluation frameworks.)
A7: Antigua and Barbuda | B7: In place, fully implemented | C7: 4 | F7: 2.2 | G7: There are no long-term strategic planning tools in place, and there are no plans or actions to develop them. | H7: There are no long-term strategic planning tools in place; however, there are formal plans to develop them, or they are currently under development. (e.g. The upcoming creation of dedicated strategic foresight units at the center of government or ministries, changes to existing impact assessment tools, and the development of new training programs related to long-term planning tools and systems-thinking approaches.) | I7: The government has developed long-term strategic planning tools to enhance policy coherence, but these tools have not been implemented yet. (e.g. Resource constraints, lack of political will, institutional resistance, insufficient training, complexity of using tools, normative gaps and inadequate engagement might be factors that hinder implementation.) | J7: The government uses long-term strategic planning tools to enhance coherence. However, these tools have only been partially implemented. (e.g. Several challenges could be hindering the full implementation. These could include: resource constraints, insufficient political will, institutional resistance, normative gaps insufficient training, etc.) | K7: The government uses long-term strategic planning tools to enhance policy coherence, and these are implemented covering all relevant aspects of governance. (e.g. The government commonly uses long-term strategic planning tools (e.g. impact assessments, strategic foresight, scenario development, integrated modeling tools, or systems-thinking approaches) in formulating and implementing strategies and policies. These tools help identify, prevent, and mitigate potential adverse impacts on the wellbeing and sustainable development of future generations. These tools are proactively used to inform policy- and decision-making.)
A8: Argentina | F8: 2.3 | G8: There are no institutional arrangements or mechanisms in place, and there are no plans or actions to establish them. | H8: There are no institutional arrangements or mechanisms in place; however, there are formal plans to establish them, or they are currently under development. (e.g. The upcoming creation of a dedicated or independent body, such as the National Commissions for Sustainable Development, independent bodies, a commissioner, council, or ombudsperson for future generations with a specific mandate to enhance PCSD that spans government terms and electoral cycles, ensuring continuity of PCSD efforts across different administrations.) | I8: The government has established dedicated institutional arrangements or mechanisms to support a long-term vision for PCSD. However, their tasks have not been implemented yet. (e.g. Several factors can hinder implementation including unclear mandates, resource constraints, insufficient political will, institutional resistance, inadequate stakeholder engagement, normative gaps, and low public awareness and support.) | J8: The government has established dedicated institutional arrangements or mechanisms to support a long-term vision for PCSD. However, their tasks have only been partially implemented. (e.g. The full implementation of government measures can be hindered by political interference, insufficient resources, bureaucratic resistance, poor coordination among ministries or departments, public opposition, complex legal frameworks, normative gaps or other gaps in monitoring and evaluation.) | K8: The government has established dedicated institutional arrangements or mechanisms to support a long-term vision for PCSD Their tasks are comprehensively implemented covering all relevant aspects of governance. (e.g. The government has established a dedicated body with clear mandates and resources to ensure its commitment to PCSD extends beyond electoral cycles and government terms. This body has clear objectives, adequate resources, and supports effective communication, strong leadership, stakeholder engagement, and coordination across Ministries or departments. It also has robust monitoring and evaluation systems and the flexibility to adapt to changing circumstances.)
A9: Armenia | F9: 3.1 | G9: There is no budgetary process in place, and there are no formal plans or actions to develop it. | H9: There is no budgetary process in place; however, there are formal plans to develop it, or it is currently under development. (e.g. The upcoming introduction of new directives for preparing the annual budget with the aim of integrating sustainable development into sectoral policies, or adopting new practices such as SDG coding and tagging, SDG-aligned results-based budgeting, and linking the strategic budgeting process to the SDGs.) | I9: The government has developed a budgetary process to integrate sustainable development into sectoral policies, and to address synergies and trade-offs across economic, social and environmental policy areas, but it has not been implemented yet. (e.g. Several factors can hinder implementation, including the complexity of integrating sustainability into existing frameworks, balancing resource allocation across competing goals, the need for capacity building within institutions, the necessity of strong political will and commitment, normative gaps, and financial constraints.) | J9: The government has developed a budgetary process to integrate sustainable development into sectoral policies, and to address synergies and trade-offs across economic, social and environmental policy areas, but its implementation remains partial. (e.g. Several challenges could be hindering full implementation, including the complexity of integrating sustainable development priorities into existing frameworks, difficulties in data collection, balancing resource allocation across competing goals, weak institutional capacity, insufficient political will and commitment, normative gaps, and financial constraints.) | K9: The government has developed a budgetary process to integrate sustainable development into sectoral policies, and to address synergies and trade-offs across economic, social and environmental policy areas. Sustainability considerations are integrated in all phases of the budgetary process. (e.g. Sustainable development is effectively integrated into sectoral policies through budgetary process (e.g. budget formulation, approval, execution, oversight), promoting synergies across policy sectors, strategically balancing resource allocations for economic, social and environmental goals, and fostering collaboration and coordination between government departments and agencies).
A10: Australia | F10: 3.2 | G10: There are no mechanisms or tools in place, and there are no plans or actions to develop them. | H10: There are no mechanisms or tools in place; however, there are formal plans to develop them, or they are currently under development. | I10: The government has developed dedicated mechanisms and tools to integrate sustainable development into the sectoral and financing plans of line ministries. However, these mechanisms have not yet been implemented. (e.g. Several challenges might hinder implementation, including limited funding, capacity constraints, limited data and information, coordination issues, insufficient political will, and normative gaps.) | J10: The government has developed dedicated mechanisms and tools to integrate sustainable development into the sectoral and financing plans of line ministries. However, these mechanisms have only been partially implemented. (e.g. Several factors might contribute to the partial implementation. These could include insufficient funding, capacity constraints, bureaucratic burdens, coordination issues, data unavailability normative gaps, etc.) | K10: The government has developed dedicated mechanisms and tools to integrate sustainable development into the sectoral and financing plans of line ministries. These mechanisms have been comprehensively implemented, covering all relevant aspects of governance. (e.g. Established mechanisms and tools have ensured that sustainable development priorities are integrated into every sector and financial plan, contributing to effective progress towards sustainable development goals. These mechanisms and tools also foster a culture of sustainability across all levels and sectors of government, driving continuous improvement and innovation in sustainable development practices.)
A11: Austria | F11: 3.3 | G11: There are no mechanisms or measures in place, and there are no plans or actions to develop them. | H11: There are no mechanisms or measures in place; however, there are formal plans to develop them, or they are currently under development. | I11: The government has established mechanisms or measures to promote the mobilisation of financial resources to support PCSD. However, these mechanisms have not yet been implemented. (e.g. Several challenges might hinder implementation, including insufficient funding, capacity, coordination, or insufficient stakeholder engagement.) | J11: The government has established mechanisms or measures to promote the mobilisation of financial resources to support PCSD. However, these mechanisms have only been partially implemented. (e.g. Some factors may be preventing full implementation. These could include insufficient funding, capacity, coordination, or insufficient stakeholder engagement.) | K11: The government has established mechanisms and implemented measures to promote the mobilisation of financial resources to support PCSD. These have been comprehensively applied, covering all relevant aspects of governance. (e.g. The established mechanisms and implemented measures have resulted in specific programs or policies that enhance the contribution of domestic resources to sustainable development, or have created incentives to attract private investments for sustainable development or fostered public-private partnerships that support the mobilisation of financial resources to advance sustainable development.)
A12: Azerbaijan | F12: 4.1 | G12: There are no high-level coordinating mechanisms in place, and there are no plans or actions to establish them. | H12: There are no high-level coordinating mechanisms in place; however, there are formal plans to develop them, or they are currently under development. | I12: The government established high-level coordinating mechanisms with clear mandates to ensure whole-of-government coordination for PCSD, including at sectoral level. However, these mechanisms have not yet been implemented. (e.g. Several factors can hinder implementation, including insufficient political will, bureaucratic inefficiencies, information asymmetries, stakeholder resistance, vested interests, complexity of coordination, normative gaps and lack of accountability.) | J12: The government has established high-level coordinating mechanisms with clear mandates to ensure whole-of-government coordination for PCSD, including at sectoral level. However, these mechanisms have only been partially implemented. (e.g. Several challenges can lead to the partial implementation, including shifts in political leadership and priorities, insufficient technical resources, normative gaps, bureaucratic and stakeholder resistance; etc.) | K12: The government has established high-level coordinating mechanisms with clear mandates to ensure whole-of-government coordination for PCSD, including at sectoral level. These mechanisms have been fully implemented, covering all relevant aspects of governance. (e.g. A high-level coordinating mechanism operates regularly to support whole-of-government coordination for Policy Coherence for Sustainable Development (PCSD). This mechanism has a clear mandate, adequate resources, and the capacity to anticipate and resolve policy divergences, including potential negative impacts of policies and tensions arising from diverging priorities and different sectoral interests.)
A13: Bahamas | F13: 4.2 | G13: The formal governance structures or informal channels do not exist, and there are no plans or actions to develop them. | H13: The formal governance structures or informal channels do not exist yet; however, there are formal plans to develop them, or they are currently under development. | I13: The government has established formal governance structures or informal channels to support communication between sectoral ministries and departments for enhancing PCSD. However, these mechanisms have not yet been implemented. (e.g. Several factors might hinder implementation, such as resistance to change, lack of alignment with organisational culture, vested interests, inadequate resources, poor communication normative gaps, and unfavorable external conditions like political instability or changes in government.) | J13: The government has established formal governance structures or informal channels to support communication between sectoral ministries and departments for enhancing PCSD. However, these mechanisms have only been partially implemented. (e.g. Full implementation may be hindered by bureaucratic rigidities, inflexibility, resource constraints, poor communication, resistance to change, normative gaps, and external factors like political instability or economic downturns.) | K13: The government has established formal governance structures or informal channels to support communication between sectoral ministries and departments for enhancing PCSD. These mechanisms have been fully implemented, covering all relevant aspects of governance. (e.g. The establishment of these structures and channels has led to improved collaboration, coordination, and information sharing across all sectors of government. This has strengthened the alignment of policies with the Sustainable Development Goals and fostered a culture of continuous improvement and innovation in public administration.)
A14: Bahrain | F14: 4.3 | G14: There are no capacity-building programmes or other resources in place, and there are no plans or actions to develop them. | H14: There are no capacity-building programmes or other resources in place; however, there are formal plans to develop them, or they are currently under development. | I14: The government has developed capacity-building programs or other resources for public servants, government officials, or staff to enhance policy coherence for sustainable development. However, these programmes have not yet been implemented. (e.g. Several challenges might hinder implementation. These could include insufficient funding, capacity constraints, bureaucratic burdens, coordination issues, data unavailability normative gaps, etc.) | J14: The government has developed capacity-building programs or other resources for public servants, government officials, or staff to enhance policy coherence for sustainable development. However, these programmes have only been partially implemented. (e.g. Several factors might contribute to the partial implementation. These could include insufficient funding, capacity constraints, bureaucratic burdens, coordination issues, insufficient engagement, etc.) | K14: The government has developed capacity-building programs or other resources for public servants, government officials, or staff to enhance policy coherence for sustainable development. These programmes have been fully implemented, covering all relevant aspects of governance. (e.g. Competency frameworks have been designed to target cross-disciplinary knowledge and skills to foster coherence in policymaking. Training has been developed to strengthen these skills, and rolled out to all relevant civil servants.
A15: Bangladesh | F15: 5.1 | G15: There are no provisions or mechanisms in place, and there are no formal plans or actions to develop them. | H15: There are no provisions or mechanisms in pace; however, there are formal plans to develop them, or they are currently under development. | I15: The provisions or mechanisms are in place to align national and sub-national plans, policies, budgets, or regulatory frameworks for sustainable development, but are not implemented. (e.g. National Sustainable Development Strategies outline relevant action at the sub-national level, but are not implemented through tools or action plans, or complemented by local monitoring on sustainable development objectives. This may be due to challenges such as resource constraints, lack of political will, institutional resistance, insufficient training, complex legal or political frameworks, normative gaps and inadequate engagement.) | J15: The provisions or mechanisms are in place to align national and sub-national plans, policies, budgets, and regulatory frameworks for sustainable development, but are only partially implemented. (The full implementation of government mechanisms can be hindered by challenges including resource constraints, lack of political will, institutional resistance, insufficient training, complex legal or political frameworks, normative gaps and inadequate engagement.) | K15: The provisions or mechanisms are in place to align national and sub-national plans, policies, budgets, and regulatory frameworks for sustainable development. These mechanisms have been fully implemented, covering all relevant aspects of governance. (e.g. National Sustainable Development Strategies are territorialised at the sub-national level and complemented by local indicators and monitoring systems on sustainable development objectives. Best practices and common challenges are documented, shared and incorporated across government levels, promoting continuous improvement. These mechanisms are effectively used to engage sub-national levels of government in PCSD and to promote coordinated action on relevant economic, social and environmental goals.)
A16: Barbados | F16: 5.2 | G16: There are no formal governance structures or informal channels in place, and there are no formal plans or actions to develop them. | H16: There are no formal governance structures or informal channels in place; however, there are formal plans to develop them, or they are currently under development. | I16: The government has established formal governance structures or informal channels to support communication between national and sub-national levels of government, but are not implemented. (e.g. Platforms for communication have been established, but are not active. This may be caused by a lack of political will, insufficient resources, bureaucratic resistance, poor coordination, normative gaps or inadequate engagement.) | J16: The government has established formal governance structures or informal channels to support communication between national and sub-national levels of government, but are only partially implemented. (e.g. The full implementation of government mechanisms can be hindered by a lack of political will, insufficient resources, bureaucratic resistance, poor coordination, normative gaps or inadequate engagement.) | K16: The government has established formal governance structures or informal channels to support communication between national and sub-national levels of government. These mechanisms have been fully implemented, covering all relevant aspects of governance. (e.g. Platforms such as interterritorial commissions are in place to collect inputs from subnational entities and initiate formal exchanges between government levels. These mechanisms are active and stimulate open exchange of ideas and innovative thinking to address cross-cutting policy objectives and facilitate multi-level dialogue around success stories and persistent challenges.)
A17: Belarus | F17: 5.3 | G17: There are no mechanisms or processes in place, and there are no formal plans or actions to develop them. | H17: There are no mechanisms or processes in place; however, there are formal plans to develop them, or they are currently under development. | I17: The government has established mechanisms or processes to coordinate national and sub-national action on international initiatives or development cooperation for sustainable development, but these are not implemented. (e.g. Advisory services, networks, or guidance are in place, but are not active or engaged with by sub-national entities.) | J17: The government has established mechanisms or processes to coordinate national and sub-national action on international initiatives or development cooperation for sustainable development, but these are only partially implemented. (e.g. The full implementation of government mechanisms can be hindered by insufficient resources, bureaucratic resistance, poor coordination among ministries or departments, inadequate engagement, or complex legal frameworks.) | K17: The government has established mechanisms or processes to coordinate national and sub-national action on international initiatives or development cooperation for sustainable development. These mechanisms have been fully implemented, covering all relevant aspects of governance. (e.g. For example, national agencies provide advisory services, networks, or matchmaking for sub-national entities engaging in international initiatives or development cooperation. Multi-level and multi-stakeholder partnerships connect actors and help exchange best practices, and support is well matched to demand and local context.)
A18: Belgium | F18: 6.1 | G18: There are no mechanisms in place, and there are no formal plans or actions to develop them. | H18: There are no mechanisms in place; however, there are formal plans to develop them, or they are currently under development. | I18: The participatory mechanisms are in place for stakeholder engagement in sustainable development policy-making through a whole-of-society approach, but these are not implemented. (e.g. These mechanisms have not been established as a regular part of the policy cycle, or inputs are not systematically fed into decision making for policy coherence or sustainable development; or normative gaps persist.) | J18: The participatory mechanisms are in place for stakeholder engagement in sustainable development policy-making through a whole-of-society approach, but these are partially implemented. (e.g. Several factors can limit implementation. These could such as insufficient political will, inadequate stakeholder engagement, normative gaps or a lack of resources or capacity.) | K18: The participatory mechanisms are in place for stakeholder engagement in sustainable development policy-making through a whole-of-society approach, and in the development of PCSD initiatives, and these mechanisms are fully implemented through participatory approaches. (e.g. Dedicated forums and opportunities are in place to develop recommendations for enhancing policy coherence and to provide analytical and strategic input on sustainable development, supported by dedicated normative provisions. Engagement concerns relevant representatives from civil society, academia, the private sector and trade- and employers’ unions, in coordination with government Ministries. Consultations are mandated to take place in a comprehensive manner at various stages of the policy cycle. Preparatory information and feedback on the outcomes of the process is provided to involved stakeholders.)
A19: Belize | F19: 6.2 | G19: There are no mechanisms in place, and there are no formal plans or actions to develop them. | H19: There are no mechanisms in place; however, there are formal plans to develop them, or they are currently under development. | I19: The government has established mechanisms to reach out to marginalised and vulnerable groups in society and advocate for their participation in decision-making, to advance inclusive sustainable development, but these are not implemented. (e.g. These initiatives have not been rolled out to the public, or their results have not been fed into strategies for inclusive social and economic development; or normative gaps persist.) | J19: The government has established mechanisms to reach out to marginalised and vulnerable groups in society and advocate for their participation in decision-making, to advance inclusive sustainable development, but these are only partially implemented. (e.g. Several factors can limit implementation. These could include insufficient political will, inadequate stakeholder engagement, normative gaps or a lack of resources or capacity.) | K19: The government has established mechanisms to reach out to marginalised and vulnerable groups in society and advocate for their participation in decision-making, to advance inclusive sustainable development. These mechanisms have been fully implemented, covering all relevant aspects of governance. (e.g. These initiatives have been rolled out to key marginalised and vulnerable groups. Findings have been fed back into strategies designed to advance inclusive social and economic development, such as action plans that mainstream, in an integrated manner, the principle of leaving no one behind in public policies and reform measures, placing emphasis on targeted measures which support those who are furthest behind and promote human rights, gender equality and social inclusion.)
A20: Benin | F20: 6.3 | G20: There are no mechanisms in place, and there are no formal plans or actions to develop them. | H20: There are no mechanisms in place; however, there are formal plans to develop them, or they are currently under development. | I20: The government has in place mechanisms for collaboration with various stakeholders on initiatives to raise public awareness, mobilise support, and advocate for policy coherence for sustainable development at various levels of governance, but these have not been implemented. (e.g. These initiatives have not been rolled out to the public due to factors such as a lack of political will, insufficient resources, normative gaps and inadequate engagement.) | J20: The government has in place mechanisms for collaboration with various stakeholders on initiatives to raise public awareness, mobilise support, and advocate for policy coherence for sustainable development at various levels of governance, but these have only been partially implemented. (e.g. Several factors can limit implementation. These could such as insufficient political will, normative gaps and inadequate stakeholder engagement.) | K20: The government has worked with various stakeholders on initiatives to raise public awareness, mobilise support, and advocate for policy coherence for sustainable development at various levels of governance. These mechanisms have been fully implemented, covering all relevant aspects of governance. (e.g. The government has worked with stakeholders to support their engagement in a wide range of initiatives on sustainable development issues. Specific campaigns have been designed and delivered to build consensus on priorities for enhancing policy coherence for sustainable development and they have been promoted in international settings to advance best practice and encourage peer learning.)
... A26: Brunei Darussalam | F26: 8.3 | G26: There are no mechanisms in place, and there are no formal plans or actions to develop them. | H26: There are no mechanisms in place; however, there are formal plans to develop them, or they are currently under development. | I26: The mechanisms are in place for the evaluation of PCSD, including synergies and potential trade-offs between sectoral policies, but they are not implemented and used to inform decision making. (e.g. These evaluation systems are not applied due to their administrative burden, a lack of data, or their findings are not reported to decision-makers, normative gaps persist, or the mechanisms are not yet used to take adaptive action.) | J26: The mechanisms are in place for the evaluation of PCSD, including synergies and potential trade-offs between sectoral policies, but they are only partially implemented and used to inform decision making and ensure that adaptive action is taken. (Several challenges could be hindering the full implementation. These could include the administrative burden, limited technical capacity or a lack of data, normative gaps persist, or the mechanisms are not yet fully used to take adaptive action) | K26: The mechanisms are in place for the evaluation of PCSD, including synergies and potential trade-offs between sectoral policies and they are fully implemented to ensure that findings are used to inform decision making and adaptive action is taken. (e.g. These evaluation systems are used systematically to inform decision makers, as a fixed part of the policy cycle supported by sufficient data and capacity and normative provisions.)
A27: Bulgaria
A28: Burkina Faso
A29: Burundi
A30: Cabo Verde
A31: Cambodia
A32: Cameroon
A33: Canada
A34: Central African Republic
A35: Chad
A36: Chile
A37: China
A38: Colombia
... A194: Zimbabwe

Sheet Points
A1: level | B1: id | C1: value
A2: Question | B2: 1.1 | C2: ='P1'!F5
A3: Question | B3: 1.2 | C3: ='P1'!F6
A4: Question | B4: 1.3 | C4: ='P1'!F7
A5: Question | B5: 2.1 | C5: ='P1'!F9
A6: Question | B6: 2.2 | C6: ='P1'!F10
A7: Question | B7: 2.3 | C7: ='P1'!F11
A8: Question | B8: 3.1 | C8: ='P1'!F13
A9: Question | B9: 3.2 | C9: ='P1'!F14
A10: Question | B10: 3.3 | C10: ='P1'!F15
A11: Question | B11: 4.1 | C11: ='P1'!F17
A12: Question | B12: 4.2 | C12: ='P1'!F18
A13: Question | B13: 4.3 | C13: ='P1'!F19
A14: Question | B14: 5.1 | C14: ='P1'!F21
A15: Question | B15: 5.2 | C15: ='P1'!F22
A16: Question | B16: 5.3 | C16: ='P1'!F23
A17: Question | B17: 6.1 | C17: ='P1'!F25
A18: Question | B18: 6.2 | C18: ='P1'!F26
A19: Question | B19: 6.3 | C19: ='P1'!F27
A20: Question | B20: 7.1 | C20: ='P1'!F29
A21: Question | B21: 7.2 | C21: ='P1'!F30
A22: Question | B22: 7.3 | C22: ='P1'!F31
A23: Question | B23: 8.1 | C23: ='P1'!F33
A24: Question | B24: 8.2 | C24: ='P1'!F34
A25: Question | B25: 8.3 | C25: ='P1'!F35
A26: Theme | B26: 1 | C26: =SUM(C2:C4) -> 0
A27: Theme | B27: 2 | C27: =SUM(C5:C7) -> 0
A28: Theme | B28: 3 | C28: =SUM(C8:C10) -> 0
A29: Theme | B29: 4 | C29: =SUM(C11:C13) -> 0
A30: Theme | B30: 5 | C30: =SUM(C14:C16) -> 0
A31: Theme | B31: 6 | C31: =SUM(C17:C19) -> 0
A32: Theme | B32: 7 | C32: =SUM(C20:C22) -> 0
A33: Theme | B33: 8 | C33: =SUM(C23:C25) -> 0
A34: Total | B34: _T | C34: =SUM(C26:C33) -> 0
